 Dungeon Crawl Stone Soup version 0.24-a0-458-gfcb5e6da0e (webtiles) character file.

Game seed: 17614437249204074371

251 Iscandelvey the Vexing (level 5, -1/38 HPs)
             Began as a Demonspawn Arcane Marksman on June 27, 2019.
             Slain by an ogre
             ... wielding a +0 giant spiked club
              (23 damage)
             ... on level 4 of the Dungeon.
             The game lasted 00:12:12 (4044 turns).

Iscandelvey the Vexing (Demonspawn Arcane Marksman) Turns: 4044, Time: 00:12:13

Health: -1/38      AC: 11    Str: 10      XL:     5   Next: 88%
Magic:  2/7        EV: 11    Int: 14 (15) God:
Gold:   159        SH:  0    Dex: 12 (14) Spells: 3/6 levels left

rFire    . . .     SeeInvis .   p - +1 dagger (vamp)
rCold    + + .     Gourm    .   (no shield)
rNeg     . . .     Faith    .   D - +2 ring mail {rC+}
rPois    .         Spirit   .   m - +0 helmet (curse)
rElec    .         Reflect  .   (no cloak)
rCorr    .         Harm     .   (no gloves)
MR       .....                  (no boots)
Stlth    +.........             h - amulet of magic regeneration
HPRegen  0.12/turn              k - +3 ring of protection (curse)
MPRegen  0.35/turn              (no ring)

@: very slightly contaminated
A: cold resistance 1, powered by death 1
a: no special abilities


You were on level 4 of the Dungeon.
You were not hungry.

You visited 1 branch of the dungeon, and saw 4 of its levels.

You collected 159 gold pieces.

Inventory:

Hand Weapons
 a - a +0 hunting sling
 n - a +0 spear
 o - a +0 club
 p - a +1 vampiric dagger (weapon)
 w - a +2 mace of protection
 A - a +0 dagger of venom
Missiles
 b - 88 stones (quivered)
 d - 11 sling bullets
 q - 21 bolts
 C - 24 arrows
Armour
 e - a +0 robe
 m - a cursed +0 helmet (worn)
 r - a +0 leather armour
 D - a +2 ring mail of cold resistance (worn)
Jewellery
 h - an amulet of magic regeneration (around neck)
 k - a cursed +3 ring of protection (left hand)
 x - an uncursed ring of resist corrosion {unknown}
 B - an uncursed ring of poison resistance
Scrolls
 i - a scroll of remove curse {unknown}
 l - a scroll of blinking {unknown}
 s - a scroll of fear {unknown}
 u - a scroll of random uselessness {unknown}
 v - a scroll of magic mapping {unknown}
 y - 2 scrolls of identify {unknown}
Potions
 c - 2 potions of degeneration
 g - 2 potions of curing
 j - 2 potions of heal wounds {unknown}
 t - 2 potions of cancellation {unknown}
Comestibles
 f - 6 rations
 z - a chunk of flesh


   Skills:
 - Level 2.1 Fighting
 - Level 1.5 Short Blades
 - Level 3.0(3.2) Slings
 * Level 1.1(2.2) Throwing
 * Level 1.8 Armour
 + Level 2.7 Dodging
 - Level 0.2 Stealth
 + Level 1.3 Spellcasting
 + Level 3.4 Hexes


You had 3 spell levels left.
You knew the following spells:

 Your Spells              Type           Power        Failure   Level  Hunger
a - Corona                Hex            ##.....      16%         1    ##.....
b - Slow                  Hex            ##......     24%         2    ###....

Your spell library contained the following spells:

 Spells                   Type           Power        Failure   Level  Hunger
 Inner Flame              Hex/Fire       #.......     67%         3    ####...
 Portal Projectile        Hex/Tloc       #.....       67%         3    ####...
 Cause Fear               Hex            ##........   83%         4    #####..
 Leda's Liquefaction      Hex/Erth       #.........   97%         4    #####..


Dungeon Overview and Level Annotations

Branches:
Dungeon (4/15)
 Temple: D:4-7

Altars:
Trog


Innate Abilities, Weirdness & Mutations

Your flesh is cold resistant. (rC+)
You regenerate a little health from kills.


Message History

Aiming: Corona (safe; 16% risk of failure)
Press: ? - help, Shift-Dir - straight line, f/p - ogre
Aim: an ogre, wielding a +0 giant spiked club (slow, chance to defeat MR: 46%)
The ogre resists with significant effort.
Casting: Corona (safe; 16% risk of failure)
Confirm with . or Enter, or press ? or * to list all spells.
Aiming: Corona (safe; 16% risk of failure)
Press: ? - help, Shift-Dir - straight line, f/p - ogre
Aim: an ogre, wielding a +0 giant spiked club (slow, chance to defeat MR: 46%)
The ogre is outlined in light.
You hit the ogre.
The ogre is lightly wounded.
The ogre hits you with a +0 giant spiked club!
You hit the ogre.
You feel better.
The ogre is lightly wounded.
You hit the ogre but do no damage.
The ogre is lightly wounded.
The ogre hits you with a +0 giant spiked club!!
Ouch! That really hurt!
You die...

#########
#.......#
.......#.......#
.......#.......#
.......#.......#
.......#.......#
.......#O......#
.......#@......#
.......#.......#
........###..###
###
..........#..#
..#
.......##)#..#
... #.#####
#<)..# .# .
###....# .#
.#..... ##.# .#
#..#


You could see an ogre.

Vanquished Creatures
  2 orc priests (D:3)
  2 orc wizards
  A worker ant (D:3)
  3 adders (D:3)
  An ooze (D:1)
  A worm (D:2)
  2 leopard geckos (D:3)
  10 orcs
  11 bats
  2 giant cockroaches
  5 goblins
  9 hobgoblins
  3 jackals (D:2)
  6 kobolds
  2 quokkas
  2 ball pythons
  3 frilled lizards (D:2)
  5 rats
70 creatures vanquished.

Notes
Turn   | Place    | Note
-------+----------+-------------------------------------------
     0 | D:1      | Iscandelvey the Demonspawn Arcane Marksman began the quest
                  | for the Orb.
     0 | D:1      | Reached XP level 1. HP: 15/15 MP: 2/2
   171 | D:1      | Gained mutation: You regenerate a little health from kills.
                  | [demonic ancestry]
   171 | D:1      | Reached XP level 2. HP: 21/21 MP: 3/3
  1286 | D:2      | Reached XP level 3. HP: 19/26 MP: 4/4
  1325 | D:2      | Learned a level 2 spell: Slow
  2153 | D:3      | Reached XP level 4. HP: 22/32 MP: 5/5
  2167 | D:3      | Reached skill level 1 in Short Blades
  2587 | D:3      | Reached skill level 1 in Armour
  2809 | D:3      | Gained mutation: Your flesh is cold resistant. (rC+)
                  | [demonic ancestry]
  2809 | D:3      | Reached XP level 5. HP: 25/38 MP: 6/6
  3554 | D:3      | Found a bloodstained altar of Trog.
  3707 | D:4      | Noticed a phantom
  4026 | D:4      | Reached skill level 1 in Throwing
  4035 | D:4      | Noticed an ogre
  4044 | D:4      | Slain by an ogre

Levels and vault maps discovered:
D:1:      lightli_arrival_windingriver, layout_loops_corners,
          chequers_serial_rivers_room_b, minmay_pentomino_x2
D:2:      layout_loops_ring, first_ration, dk_noncrumbling_2, solitary_fountain
D:3:      layout_loops_ring, marbit_many_paths
D:4:      layout_rooms

Skill      XL: |  1  2  3  4  5 |
---------------+----------------+-----
Slings         | 2 3 |  3.0
Dodging        | 2 |  2.7
Short Blades   | 1 |  1.5
Armour         | 1 |  1.8
Fighting       | 2 |  2.1
Throwing       | 1 |  1.1
Stealth        | |  0.2
Spellcasting   | |  1.3
Hexes          | |  3.4

Action                   |  1- 3 |  4- 6 || total
-------------------------+-------+-------++-------
Melee: Dagger            |    96 |   293 ||   389
 Fire: Hunting sling     |    89 |       ||    89
 Cast: Corona            |       |     9 ||     9
       Slow              |       |    12 ||    12
  Use: Potion            |       |     2 ||     2
  Eat: Chunk             |     4 |     8 ||    12
Armor: Robe              |    11 |       ||    11
       Leather armour    |    44 |    91 ||   135
       Ring mail         |       |    19 ||    19
Dodge: Dodged            |    99 |   171 ||   270

Table legend:
 A = Non-vault XP
 B = Vault XP
 C = Vault XP percentage of total XP
 D = Non-vault monster count
 E = Vault monster count
 F = Vault count percentage of total count
                 A         B        C        D         E       F
            +---------+---------+-------+---------+---------+-------
      Total |     354 |       5 |   1.4 |      67 |       3 |   4.3
            +---------+---------+-------+---------+---------+-------
        D:1 |      25 |       4 |  13.8 |      12 |       2 |  14.3
        D:2 |      27 |       0 |   0.0 |      16 |       0 |   0.0
        D:3 |     255 |       1 |   0.4 |      35 |       1 |   2.8
        D:4 |      47 |       0 |   0.0 |       4 |       0 |   0.0
            +---------+---------+-------+---------+---------+-------
